 Dungeon Crawl Stone Soup version 0.25-a0-583-g696c2ac (webtiles) character file.

Game seed: 4734076272154475240, levelgen mode: deterministic

4298 BlueFish the Carver (level 10, -2/88 HPs)
             Began as a Minotaur Fighter on Mar 8, 2020.
             Was a Believer of Yredelemnul.
             Slain by a hornet (9 damage)
             ... while paralysed by a hornet
             ... on level 8 of the Dungeon.
             The game lasted 00:13:17 (7321 turns).

BlueFish the Carver (Minotaur Fighter)              Turns: 7321, Time: 00:13:17

Health: -2/88      AC: 24    Str: 21    XL:     10   Next: 11%
Magic:  11/11      EV:  2    Int:  5    God:    Yredelemnul [**....]
Gold:   312        SH:  0    Dex: 16    Spells: 9/9 levels left

rFire    . . .     SeeInvis +   y - +0 falchion (protect) (curse)
rCold    . . .     Gourm    .   (no shield)
rNeg     . . .     Faith    .   r - +0 plate armour
rPois    .         Spirit   .   (helmet restricted)
rElec    .         Reflect  +   (no cloak)
rCorr    .         Harm     .   A - +0 pair of gloves (curse)
MR       .....                  l - +0 pair of boots
Stlth    ..........             g - +4 amulet of reflection
HPRegen  0.24/turn              w - ring of see invisible
MPRegen  0.12/turn              m - +3 ring of dexterity

@: paralysed, lethally poisoned (-2 -> -8), protection aura, slowed
A: retaliatory headbutt, horns 2
a: Animate Remains, Recall Undead Slaves, Injury Mirror, Renounce Religion


You were on level 8 of the Dungeon.
You worshipped Yredelemnul.
Yredelemnul was pleased with you.
You were not hungry.

You visited 2 branches of the dungeon, and saw 9 of its levels.
You also visited: Sewer.

You collected 312 gold pieces.

Inventory:

Hand Weapons
 a - a +1 long sword of electrocution
 o - a +0 dagger of speed
 y - a cursed +0 falchion of protection (weapon)
Armour
 c - a +0 kite shield
 l - a +0 pair of boots (worn)
 r - a +0 plate armour (worn)
 A - a cursed +0 pair of gloves (worn)
Jewellery
 g - a +4 amulet of reflection (around neck)
 m - a +3 ring of dexterity (right hand)
 t - an uncursed ring of magical power {unknown}
 w - a ring of see invisible (left hand)
 x - an uncursed amulet of rage {unknown}
Scrolls
 b - 6 scrolls of teleportation
 k - a scroll of immolation
 q - a scroll of enchant weapon
 u - a scroll of fog
Potions
 d - 6 potions of might
 h - a potion of resistance
 i - 4 potions of flight
 j - a potion of brilliance {unknown}
 n - 6 potions of heal wounds
 p - 8 potions of curing
 s - a potion of ambrosia {unknown}
 v - a potion of haste {unknown}
Comestibles
 f - 17 rations
 z - 3 chunks of flesh


   Skills:
 * Level 8.1 Fighting
 * Level 11.1 Long Blades
 * Level 10.7 Armour
 + Level 2.2 Dodging
 + Level 4.5 Shields
 * Level 3.3 Invocations


You had 9 spell levels left.
You didn't know any spells.
Your spell library contained the following spells:

 Spells                   Type           Power        Failure   Level  Hunger
 Infusion                 Chrm           #...         100%        1    ##.....
 Shroud of Golubria       Chrm/Tloc      #.....       100%        2    ###....
 Song of Slaying          Chrm           #.......     100%        2    ###....
 Ozocubu's Armour         Chrm/Ice       #.......     100%        3    ####...
 Spectral Weapon          Hex/Chrm       #.......     100%        3    ####...


Dungeon Overview and Level Annotations

Branches:
Dungeon (8/15)             Temple (1/1) D:4           Sewer (visited)
   Lair: D:8-11

Altars:
Ashenzari
Cheibriados
Dithmenos
Elyvilon
Fedhas
Gozag
Hepliaklqana
Kikubaaqudgha
Makhleb
Nemelex Xobeh
Okawaru
Qazlal
Ru
Sif Muna
Trog
Uskayaw
Vehumet
Wu Jian
Xom
Yredelemnul
Zin
The Shining One


Innate Abilities, Weirdness & Mutations

You reflexively headbutt those who attack you in melee.
You have a pair of horns on your head.


Message History

The hornet is heavily wounded.
You feel sick.
The hornet stings you but does no damage.
You closely miss the hornet.
The hornet is heavily wounded.
You feel sick. You block the hornet's attack.
You closely miss the hornet. You headbutt the hornet!
The hornet is almost dead.
You feel sick.
The hornet stings you but does no damage.
You hit the hornet. Your headbutt misses the hornet.
The hornet is almost dead.
You feel sick. The hornet stings you.
* * * LOW HITPOINT WARNING * * *
You suddenly lose the ability to move!
The hornet stings you!
* * * LOW HITPOINT WARNING * * *
You feel yourself slow down. The hornet stings you!
You die...
Your body rises from the dead as a mindless zombie.

..# #..## #... #..#
#### #..#### #.#.#
#..... #.#.##..#
#y#....# #@##..#
####..# #.....#
#.##### .# #.# .#
##.## #####.##
#...#######......##
#..................
#...#######......##


You could see a hornet.

Vanquished Creatures
  3 hornets (D:8)
  Grinder (D:6)
  2 hippogriffs
  Sigmund (D:3)
  4 yaks (D:7)
  A water moccasin (D:8)
  An orc warrior (D:7)
  An ice beast (D:5)
  An ogre (D:6)
  2 phantoms (D:5)
  3 centaurs
  A necrophage (D:6)
  2 big kobolds (Sewer)
  2 bullfrogs
  2 scorpions
  4 wights (D:7)
  3 hounds
  3 orc priests
  A jelly (D:7)
  10 orc wizards
  3 iguanas (D:5)
  A worker ant (D:7)
  A hound zombie (D:5)
  8 gnolls
  10 adders
  10 river rats
  2 shadow imps (D:6)
  3 worms (D:3)
  A dart slug (D:2)
  8 leopard geckos
  24 orcs
  7 ball pythons (Sewer)
  4 bats
  4 giant cockroaches
  2 goblins
  4 hobgoblins
  13 jackals
  18 kobolds
  3 quokkas
  A ball python zombie (D:5)
  5 frilled lizards
  A leopard gecko zombie (D:5)
  23 rats
204 creatures vanquished.

Notes
Turn   | Place    | Note
-------+----------+-------------------------------------------
     0 | D:1      | BlueFish the Minotaur Fighter began the quest for the Orb.
     0 | D:1      | Reached XP level 1. HP: 19/19 MP: 0/0
   189 | D:1      | Reached XP level 2. HP: 25/27 MP: 1/1
   611 | D:2      | Reached XP level 3. HP: 33/33 MP: 2/2
   642 | D:2      | Reached skill level 3 in Long Blades
  1450 | D:3      | Reached XP level 4. HP: 32/40 MP: 3/3
  1528 | D:3      | Reached skill level 5 in Armour
  1535 | D:3      | Found a glowing drain.
  1678 | Sewer    | Entered a sewer
  1758 | Sewer    | Noticed a big kobold
  1769 | Sewer    | Killed a big kobold
  1769 | Sewer    | Reached skill level 4 in Long Blades
  1769 | Sewer    | Reached XP level 5. HP: 40/47 MP: 4/4
  2108 | Sewer    | Reached skill level 5 in Fighting
  2108 | Sewer    | Reached skill level 5 in Long Blades
  2108 | Sewer    | Reached XP level 6. HP: 52/56 MP: 5/5
  2429 | D:3      | Noticed Sigmund
  2655 | D:3      | Reached skill level 1 in Dodging
  2701 | D:3      | Killed Sigmund
  2701 | D:3      | Reached skill level 6 in Long Blades
  2701 | D:3      | Reached XP level 7. HP: 61/61 MP: 6/6
  3390 | D:4      | Found a shimmering blue altar of Sif Muna.
  3409 | D:4      | Reached skill level 7 in Long Blades
  3558 | D:4      | Found a staircase to the Ecumenical Temple.
  3564 | Temple   | Entered the Ecumenical Temple
  3630 | Temple   | Became a worshipper of Yredelemnul the Dark
  3907 | D:5      | Entered Level 5 of the Dungeon
  4017 | D:5      | Got a brightly glowing whip
  4076 | D:5      | Reached XP level 8. HP: 52/70 MP: 7/7
  4152 | D:5      | You fall into a shaft and drop 1 floor!
  4200 | D:6      | Found a glowing silver altar of Zin.
  4205 | D:6      | Reached skill level 1 in Invocations
  4407 | D:6      | Noticed Grinder
  4427 | D:6      | Killed Grinder
  4427 | D:6      | Reached skill level 8 in Long Blades
  4527 | D:6      | Found a shattered altar of Ashenzari.
  4648 | D:5      | Noticed a hippogriff
  4663 | D:5      | Killed a hippogriff
  4686 | D:5      | Reached * piety under Yredelemnul
  4736 | D:5      | Found a radiant altar of Vehumet.
  4798 | D:5      | Reached skill level 9 in Long Blades
  5010 | D:5      | Reached XP level 9. HP: 74/78 MP: 9/9
  5626 | D:6      | Found an iron altar of Okawaru.
  5639 | D:6      | Found a stormy altar of Qazlal.
  5640 | D:6      | Found an ornate altar of the Wu Jian Council.
  5641 | D:6      | Found an opulent altar of Gozag.
  5962 | D:7      | Reached ** piety under Yredelemnul
  6265 | D:7      | Reached skill level 10 in Long Blades
  6277 | D:7      | Reached skill level 10 in Armour
  7291 | D:8      | Reached XP level 10. HP: 88/88 MP: 11/11
  7292 | D:8      | Paralysed by a hornet for 1 turns
  7301 | D:8      | Reached skill level 11 in Long Blades
  7304 | D:8      | Paralysed by a hornet for 1 turns
  7320 | D:8      | Paralysed by a hornet for 3 turns
  7321 | D:8      | Slain by a hornet

Levels and vault maps discovered:
D:1:      sevenhm_arrival_forest_fort_large_4, layout_rooms
D:2:      layout_loops_corners, minmay_statues_item
D:3:      layout_rooms, lightli_sewer_entry_pipes, uniq_sigmund
D:4:      layout_loops_ring, kennysheep_little_box,
          minmay_temple_entry_enclosed_plants, nrook_mini_vaults
D:5:      layout_loops_cross, kennysheep_mini_moat, first_ration
D:6:      layout_loops_ring, grunt_temple_overflow_open, old_standard_altar,
          kennysheep_mini, minivault_1, uniq_grinder
D:7:      layout_basic
D:8:      layout_loops_corners, hangedman_pestilent_swarm, grunt_decor_cap,
          okawaru_altar_gauntlet_db
Temple:   eino_temple_water

Skill      XL: |  1  2  3  4  5  6  7  8  9 10 |
---------------+-------------------------------+-----
Fighting       | 4 5 6 8 |  8.1
Armour         | 4 5 6 7 9 10 | 10.7
Long Blades    | 3 4 5 6 7 9 10 11 | 11.1
Dodging        | 1 2 |  2.2
Invocations    | 2 3 |  3.3
Shields        | 4 |  4.5

Action                   |  1- 3 |  4- 6 |  7- 9 | 10-12 || total
-------------------------+-------+-------+-------+-------++-------
Melee: Long sword        |    62 |   133 |   336 |       ||   531
       Headbutt          |    10 |    34 |    87 |     5 ||   136
       Falchion          |       |       |    24 |    28 ||    52
  Use: Scroll            |     2 |       |    10 |       ||    12
       Potion            |       |     1 |       |       ||     1
  Eat: Chunk             |     1 |     5 |    15 |       ||    21
Armor: Scale mail        |    54 |    62 |    28 |       ||   144
       Plate armour      |       |       |   223 |    16 ||   239
Dodge: Dodged            |    40 |    82 |   140 |     8 ||   270
Block: Other             |       |       |    28 |     8 ||    36
       Reflection        |       |       |     1 |       ||     1
       Rpst.: Long sword |    13 |    26 |    34 |       ||    73
       Falchion          |       |       |     4 |     2 ||     6

Table legend:
 A = Non-vault XP
 B = Vault XP
 C = Vault XP percentage of total XP
 D = Non-vault monster count
 E = Vault monster count
 F = Vault count percentage of total count
                 A         B        C        D         E       F
            +---------+---------+-------+---------+---------+-------
      Total |    4402 |    1739 |  28.3 |     142 |      62 |  30.4
            +---------+---------+-------+---------+---------+-------
        D:1 |      24 |       0 |   0.0 |      13 |       0 |   0.0
        D:2 |      51 |       0 |   0.0 |      13 |       0 |   0.0
        D:3 |      62 |     290 |  82.4 |      19 |      10 |  34.5
        D:4 |     448 |       0 |   0.0 |      23 |       0 |   0.0
        D:5 |    1220 |       0 |   0.0 |      34 |       0 |   0.0
        D:6 |     658 |     277 |  29.6 |      16 |       1 |   5.9
        D:7 |    1735 |       0 |   0.0 |      21 |       0 |   0.0
        D:8 |     204 |     834 |  80.3 |       3 |       3 |  50.0
      Sewer |       0 |     338 | 100.0 |       0 |      48 | 100.0
            +---------+---------+-------+---------+---------+-------
